 Dungeon Crawl Stone Soup version 0.30-a0-1103-g25895a7845 (webtiles) character file.

Game seed: 16335639010628198804

2222 kae the Changer (level 9, 0/76 HPs)
             Began as a Green Draconian Transmuter on Apr 18, 2023.
             Was an Initiate of Ru.
             Slain by Joseph
             ... wielding a +0 spectral quarterstaff
              (8 damage)
             ... on level 7 of the Dungeon.
             The game lasted 00:06:18 (6592 turns).

kae the Changer (Green Draconian Transmuter)        Turns: 6592, Time: 00:06:19

Health: 0/76       AC:  9    Str: 13    XL:     9   Next: 13%
Magic:  0/16       EV: 10    Int: 23    God:    Ru [......]
Gold:   182        SH:  0    Dex: 12    Spells: 7/17 levels left

rFire   x . .      SeeInvis .      - Unarmed
rCold   + + +      Faith    .    (shield currently unavailable)
rNeg    . . .      Spirit   +    (body armour unavailable)
rPois   +          Reflect  .    (helmet currently unavailable)
rElec   .          Rampage  .    (cloak currently unavailable)
rCorr   .                        (gloves currently unavailable)
Will    .....                    (boots currently unavailable)
Stlth   +                        G - amulet of guardian spirit
HPRegen 0.32/turn                Y - +4 ring of slaying
MPRegen 0.15/turn                I - +6 ring of intelligence

@: ice-form
A: freezing attack, amphibious, boosted hp, (breathe noxious fumes), AC +7,
large, unfitting armour, (poison resistance), (cold-blooded)
a: End Transformation, Renounce Religion, Sacrifice Essence, Sacrifice Health,
Sacrifice Purity, Reject Sacrifices


You were on level 7 of the Dungeon.
You worshipped Ru.
Ru was noncommittal.
You were a creature of crystalline ice.
You visited 2 branches of the dungeon, and saw 8 of its levels.

You collected 319 gold pieces.
You spent 137 gold pieces at shops.


Innate Abilities, Weirdness & Mutations

You are a creature of crystalline ice.
You have a powerful freezing melee attack.
You are amphibious.
Your maximum health is increased.
Your armour is entirely melded.
You are incapable of wielding weapons or throwing items.
((You can breathe blasts of noxious fumes.))
((Your lurid green scales are hard. (AC +7)))
You cannot fit into any form of body armour.
((Your system is resistant to poisons. (rPois)))
((You are cold-blooded and may be slowed by cold attacks.))


   Skills:
 - Level 1.1 Fighting
 - Level 1.7 Dodging
 + Level 5.8 Unarmed Combat
 + Level 4.8 Spellcasting
 * Level 7.6 Transmutations
 * Level 5.8 Ice Magic
 - Level 3.0 Poison Magic


You had 7 spell levels left.
You knew the following spells:

 Your Spells              Type           Power      Damage    Failure   Level
a - Beastly Appendage     Tmut           80%        N/A       1%          1
b - Wereblood             Tmut           40%        N/A       1%          2
c - Spider Form           Tmut/Pois      30%        N/A       3%          3
d - Ice Form              Ice/Tmut       36%        N/A       6%          4

Your spell library contained the following spells:

 Spells                   Type           Power      Damage    Failure   Level
 Simulacrum               Ice/Necr       9%         N/A       99%         6
 Ozocubu's Refrigeration  Ice            16%        4d11      100%        7
 Polar Vortex             Ice            16%        N/A       100%        9

Inventory:

Missiles
 e - 2 boomerangs
 l - 53 stones
 r - 15 poisoned darts
 v - 3 silver boomerangs
 y - a throwing net {=f!f}
Jewellery
 i - the ring of Hujeov {rC++ Str-5 Dex+4 Slay+4}
   (You found it on level 3 of the Dungeon)

   [ring of slaying]

   Str:       It affects your strength (-5).
   Dex:       It affects your dexterity (+4).
   Slay:      It affects your accuracy & damage with ranged weapons and melee
   (+4).
   rC:        It greatly protects you from cold.
 q - an amulet of reflection
   (You found it on level 4 of the Dungeon)
 F - a ring of fire
   (You found it on level 2 of the Dungeon)
 G - an amulet of guardian spirit (around neck)
   (You found it on level 1 of the Dungeon)
 I - a +6 ring of intelligence (right front paw)
   (You found it on level 1 of the Dungeon)
 L - a ring of flight
   (You found it on level 4 of the Dungeon)
 N - a ring of positive energy
   (You found it on level 6 of the Dungeon)
 Y - a +4 ring of slaying (left front paw)
   (You took it off a hobgoblin on level 2 of the Dungeon)
Wands
 s - a wand of roots (6)
   (You found it on level 5 of the Dungeon)
 x - a wand of flame (67)
   (You took it off an orc on level 5 of the Dungeon)
Scrolls
 g - 2 scrolls of amnesia
 j - 4 scrolls of teleportation {@r4}
 w - 2 scrolls of immolation {!r!r}
Potions
 a - 2 potions of lignification {!q}
 b - a potion of ambrosia {unknown}
 c - 3 potions of curing {@q1}
 d - 3 potions of resistance {unknown}
 f - 2 potions of heal wounds {@q2}
 h - a potion of cancellation {unknown}
 k - 3 potions of haste {@q3}
 m - 2 potions of might
 n - 2 potions of invisibility {unknown}
 o - 4 potions of mutation {!q}
 t - a potion of brilliance
 z - a potion of berserk rage {unknown}

Dungeon Overview and Level Annotations

Branches:
Dungeon (7/15) Zot: 26531  Temple (1/1) D:5 Zot: 5855

Altars:
Cheibriados
Dithmenos
Elyvilon
Fedhas
Gozag
Hepliaklqana
Kikubaaqudgha
Makhleb
Nemelex Xobeh
Okawaru
Qazlal
Ru
Sif Muna
Uskayaw
Vehumet
Wu Jian
Xom
Yredelemnul
The Shining One

Shops:
D:4 !?*

Annotations:
D:7 1 transporter, Joseph, Menkaure

. #. .. .# .# #####
M# ....#### ##@## ..
#.....###Y(.#...#
#..##.##.........
#................
#................
##.##......#########.
..........##Yz5....##
#.###....#8Wo#.#..8#
#....#..#...#..#
##...#)........#


You could see Joseph, a skeletal warrior, a wraith, an orc warrior, an ice
beast, a +0 spectral quarterstaff, Menkaure and a shadow imp.


Message History

A hornet is nearby!
A hornet is nearby!
A hornet is nearby!
Casting: Ice Form (dangerous; 7% risk of failure)
Confirm with . or Enter, or press ? or * to list all spells.
You turn into a creature of crystalline ice. 😎 HP[+12] MP[-4]
You now have 76 max hp (+12).
Your hp is fully restored (76).
You lost 4 mp, and now have 12/16 mp.
The hornet closely misses you.
You hit the hornet but do no damage. The hornet closely misses you.
You closely miss the hornet. The hornet stings you.
The hornet barely misses you. 😕 HP[-3]
You take 3 damage, and now have 73/76 hp.
You punch the hornet! You freeze the hornet. The hornet closely misses you.
You barely miss the hornet.
The hornet stings you but does no damage. 😕 MP[+1] Unknown command.
You barely miss the hornet.
The hornet stings you but does no damage.
You hit the hornet. You freeze the hornet. The hornet stings you!
The hornet misses you. 😕 HP[-5] MP[-1]
You take 5 damage, and now have 68/76 hp.
You lost 1 mp, and now have 12/16 mp.
You pummel the hornet!! You freeze the hornet.
You kill the hornet!
No target in view!
There is a stone staircase leading up here.
Your transformation is almost over.
The orc warrior shouts!
You warm up again.
o - 4 potions of mutation {!q} (gained 1)
x - a wand of flame (67) (gained 17 charges) Key pressed, stopping explore.
Joseph, a Mercenary comes into view.
He is wielding a +0 spectral quarterstaff and wearing a +1 leather armour of poison resistance. 😎 HP[-4] MP[+4]
You now have 64 max hp (-12).
Your mp is fully restored (16).
Unknown command.
Casting: Ice Form (dangerous; 6% risk of failure)
Confirm with . or Enter, or press ? or * to list all spells.
You turn into a creature of crystalline ice.
Joseph unwields a +0 spectral quarterstaff.
Joseph wields a +1 sling of freezing.
It is covered in frost.
Joseph shoots a sling bullet.
The sling bullet hits you but does no damage.
You hear a shout! 😎 HP[+12] MP[-4]
You now have 76 max hp (+12).
Your hp is fully restored (76).
You lost 4 mp, and now have 12/16 mp.
Menkaure, Prince of Dust comes into view.
You barely miss Joseph.
Joseph unwields a +1 sling of freezing.
Joseph wields a +0 spectral quarterstaff.
Joseph hits you with a +0 spectral quarterstaff!
The +0 spectral quarterstaff barely misses you.
A +0 spectral quarterstaff comes into view. 😕 HP[-7] MP[-1]
You take 7 damage, and now have 69/76 hp.
You lost 1 mp, and now have 11/16 mp.
Unknown command.
You punch Joseph! You freeze Joseph.
The +0 spectral quarterstaff hits you. x2
Joseph says, "You will never get the ORB, sorry."
Joseph barely misses you.
The +0 spectral quarterstaff hits you! 😮 HP[-12] MP[-2]
You take 12 damage, and now have 57/76 hp.
You lost 2 mp, and now have 9/16 mp.
You hit Joseph. You freeze Joseph.
Joseph hits you with a +0 spectral quarterstaff!
The +0 spectral quarterstaff hits you! 😮 HP[-15] MP[-3]
You take 15 damage, and now have 42/76 hp.
You lost 3 mp, and now have 6/16 mp.
Unknown command.
You barely miss Joseph.
Joseph hits you with a +0 spectral quarterstaff!!
* * * LOW HITPOINT WARNING * * *
The +0 spectral quarterstaff hits you!
* * * LOW HITPOINT WARNING * * *
😱 HP[-23] MP[-3]
You take 23 damage, and now have 19/76 hp.
MASSIVE DAMAGE!! (PAUSE)
You lost 3 mp, and now have 3/16 mp.
You punch Joseph! You freeze Joseph.
Joseph hits you with a +0 spectral quarterstaff.
* * * LOW HITPOINT WARNING * * *
The +0 spectral quarterstaff closely misses you. 😱 HP[-6]
You take 6 damage, and now have 13/76 hp.
Unknown command.
Okay, then.
You feel much better. The +0 spectral quarterstaff hits you.
* * * LOW HITPOINT WARNING * * *
The +0 spectral quarterstaff hits you!
* * * LOW HITPOINT WARNING * * *
The +0 spectral quarterstaff hits you!!
* * * LOW HITPOINT WARNING * * *
Joseph hits you with a +0 spectral quarterstaff!
You die...

Skill      XL: |  1  2  3  4  5  6  7  8 |
---------------+-------------------------+-----
Poison Magic   | 1 2 3 |  3.0
Transmutations | 4 5 6 7 |  7.6
Spellcasting   | 3 4 |  4.8
Unarmed Combat | 4 5 |  5.8
Ice Magic      | 2 3 5 |  5.8
Fighting       | |  1.1
Dodging        | |  1.7

Action                     |  1- 3 |  4- 6 |  7- 9 || total
---------------------------+-------+-------+-------++-------
  Melee: Unarmed           |    90 |    91 |   140 ||   321
         Headbutt          |     7 |       |       ||     7
         Kick              |    18 |     2 |       ||    20
         Tailslap          |     5 |     1 |       ||     6
         Punch             |     2 |     1 |       ||     3
   Cast: Beastly Appendage |    20 |     4 |       ||    24
         Spider Form       |     1 |    15 |    16 ||    32
         Wereblood         |       |     1 |     4 ||     5
         Ice Form          |       |       |     9 ||     9
    Use: Scroll            |       |     9 |     9 ||    18
         Potion            |       |       |     1 ||     1
   Stab: Sleeping          |     1 |       |       ||     1
 Armour: Skin              |    31 |    10 |    18 ||    59
  Dodge: Dodged            |    61 |    64 |    98 ||   223

Levels and vault maps discovered:
D:1:      onia_arrival_zoo_common, layout_basic, chequers_serial_rivers_small_3,
          dreamdust_princess_bridge, minmay_tree_intersection, kennysheep_boxes
D:2:      layout_rooms, uniq_sigmund
D:3:      layout_basic, eino_tiny_chamber
D:4:      layout_gridville, serial_shops, nicolae_shop_statue_plus, shop, shop,
          due_unseen_surprise
D:5:      layout_gridville, minmay_temple_entry_purple_smoke
D:6:      layout_loops_cross, uniq_maggie
D:7:      layout_loops_ring, okawaru_humans, gammafunk_ghost_arena, uniq_joseph,
          uniq_menkaure, uniq_crazy_yiuf_cottage
Temple:   nicolae_temple_two_arcs

Notes
Turn   | Place    | Note
-------+----------+-------------------------------------------
     0 | D:1      | kae the Draconian Transmuter began the quest for the Orb.
     0 | D:1      | Reached XP level 1. HP: 16/16 MP: 3/3
     0 | D:1      | magus.rc [v1.11.3]
     6 | D:1      | Noticed an imperial myrmidon
     6 | D:1      | Noticed an iguana
     7 | D:1      | Noticed a yaktaur captain
     7 | D:1      | Noticed a hell rat
   119 | D:1      | Reached XP level 2. HP: 18/23 MP: 5/5
   311 | D:1      | Reached skill level 1 in Poison Magic
   869 | D:2      | Reached XP level 3. HP: 23/28 MP: 4/6
   873 | D:2      | Learned a level 2 spell: Wereblood
   877 | D:2      | Learned a level 3 spell: Spider Form
   981 | D:2      | Noticed Sigmund
  1447 | D:2      | Killed Sigmund
  1448 | D:2      | Reached skill level 4 in Transmutations
  1448 | D:2      | Reached skill level 2 in Poison Magic
  1448 | D:2      | Reached XP level 4. HP: 23/35 MP: 2/8
  1448 | D:2      | Reached XP level 5. HP: 27/40 MP: 2/9
  1570 | D:3      | Reached XP level 6. HP: 44/47 MP: 5/10
  1618 | D:3      | Reached skill level 3 in Spellcasting
  1730 | D:3      | Learned a level 4 spell: Ice Form
  1808 | D:3      | Reached skill level 4 in Unarmed Combat
  1867 | D:3      | Identified the ring of Hujeov {rC++ Str-5 Dex+4 Slay+4}
  2463 | D:4      | Reached skill level 1 in Ice Magic
  2574 | D:4      | Found Elue's Magic Scroll Shoppe.
  2810 | D:4      | Reached skill level 5 in Transmutations
  2911 | D:4      | Reached skill level 2 in Ice Magic
  2911 | D:4      | Your scales start taking on a lurid green colour.
  2911 | D:4      | Reached skill level 3 in Poison Magic
  2911 | D:4      | Reached XP level 7. HP: 52/52 MP: 6/11
  2911 | D:4      | Gained mutation: Your system is resistant to poisons.
                  | (rPois) [Green Draconian growth]
  3000 | D:4      | Found Esyiskug's Assorted Antiques.
  3008 | D:4      | Bought a murky dark potion for 25 gold pieces
  3008 | D:4      | Bought a scroll of teleportation for 84 gold pieces
  3008 | D:4      | Bought a scroll labelled CAHUAWK MOHEE for 28 gold pieces
  3175 | D:4      | Found Vinof's Distillery.
  3197 | D:4      | You fall into a shaft and drop 1 floor!
  3197 | D:5      | Entered Level 5 of the Dungeon
  3288 | D:5      | Found a staircase to the Ecumenical Temple.
  3295 | Temple   | Entered the Ecumenical Temple
  3429 | Temple   | Became a worshipper of Ru the Awakened
  3653 | D:5      | HP: 10/52 [gnoll bouda/+0 whip (11)]
  3667 | D:5      | HP: 11/52 [gnoll/+0 halberd[a gnoll bouda] (3)]
  4658 | D:5      | You pick up a book of Ice and begin reading...
  4658 | D:5      | You add the spells Simulacrum, Ozocubu's Refrigeration and
                  | Polar Vortex to your library.
  5112 | D:6      | Reached skill level 3 in Ice Magic
  5275 | D:6      | Reached skill level 6 in Transmutations
  5275 | D:6      | Reached XP level 8. HP: 42/59 MP: 7/13
  5726 | D:6      | Reached skill level 5 in Unarmed Combat
  5726 | D:6      | Reached skill level 4 in Spellcasting
  5726 | D:6      | Reached skill level 4 in Ice Magic
  5837 | D:6      | Noticed Maggie
  5855 | D:6      | Killed Maggie
  6234 | D:7      | Found an iron altar of Okawaru.
  6248 | D:7      | Reached skill level 7 in Transmutations
  6248 | D:7      | Reached skill level 5 in Ice Magic
  6462 | D:7      | Reached XP level 9. HP: 64/64 MP: 9/16
  6562 | D:7      | Found a transporter.
  6565 | D:7      | Noticed a skeletal warrior
  6582 | D:7      | Noticed Joseph
  6586 | D:7      | Noticed Menkaure
  6590 | D:7      | HP: 19/76 [+0 spectral quarterstaff[Joseph] (7)]
  6592 | D:7      | HP: 8/76 [+0 spectral quarterstaff[Joseph] (16)]
  6592 | D:7      | Slain by Joseph

Vanquished Creatures
  Maggie (D:6)
  A hornet (D:7)
  Sigmund (D:2)
  A wyvern (D:7)
  2 humans (D:7)
  A water moccasin (D:6)
  2 sky beasts (D:6)
  An orc warrior (D:7)
  A black bear (D:6)
  An ogre (D:6)
  A phantom (D:4)
  A kobold brigand (D:6)
  A scorpion (D:5)
  A hound (D:4)
  2 orc priests
  A sleepcap (D:6)
  4 orc wizards
  2 gnolls
  4 adders
  A shadow imp (D:6)
  2 white imps
  2 ufetubi
  3 dart slugs
  17 orcs
  6 bats
  3 endoplasms
  A giant cockroach (D:2)
  7 goblins
  9 hobgoblins
  8 kobolds
  2 quokkas
  8 ball pythons
  6 frilled lizards
  6 rats
110 creatures vanquished.

Table legend:
 A = Non-vault XP
 B = Vault XP
 C = Vault XP percentage of total XP
 D = Non-vault monster count
 E = Vault monster count
 F = Vault count percentage of total count
                 A         B        C        D         E       F
            +---------+---------+-------+---------+---------+-------
      Total |    2173 |    1002 |  31.6 |     106 |       4 |   3.6
            +---------+---------+-------+---------+---------+-------
        D:1 |      39 |       0 |   0.0 |      18 |       0 |   0.0
        D:2 |      60 |     239 |  79.9 |      16 |       1 |   5.9
        D:3 |      96 |       0 |   0.0 |      19 |       0 |   0.0
        D:4 |     310 |       0 |   0.0 |      20 |       0 |   0.0
        D:5 |     122 |       0 |   0.0 |       7 |       0 |   0.0
        D:6 |     890 |     379 |  29.9 |      18 |       1 |   5.3
        D:7 |     656 |     384 |  36.9 |       8 |       2 |  20.0
            +---------+---------+-------+---------+---------+-------

Illustrated notes

Table legend:
 A = Kills in this place as a percentage of kills in the entire game.
 B = Kills by you in this place as a percentage of kills by you in the entire game.
 C = Kills by friends in this place as a percentage of kills by friends in the entire game.
 D = Other kills in this place as a percentage of other kills in the entire game.
 E = Experience gained in this place as a percentage of experience gained in the entire game.
 F = Experience gained in this place divided by the number of levels of this place that you have seen.
                   A       B       C       D       E      F
               +-------+-------+-------+-------+-------+----------------------
         Total | 100.0 | 100.0 |   N/A |   N/A | 100.0 | 396.9
       Dungeon | 100.0 | 100.0 |   N/A |   N/A | 100.0 | 453.6
               +-------+-------+-------+-------+-------+----------------------

Table legend: (Time is in decaauts)
 A = Elapsed time spent in this place.
 B = Non-inter-level travel time spent in this place.
 C = Inter-level travel time spent in this place.
 D = Time resting spent in this place.
 E = Time spent auto-exploring this place.
 F = Levels seen in this place.
 G = Mean time per level.
                   A        B        C        D        E       F      G
               +--------+--------+--------+--------+--------+-----+--------+
         Total |   6576 |   6387 |    189 |    276 |   5217 |   8 |  822.0 |
       Dungeon |   6431 |   6268 |    163 |    276 |   5106 |   7 |  918.7 |
        Temple |    144 |    119 |     25 |      0 |    111 |   1 |  144.0 |
               +--------+--------+--------+--------+--------+-----+--------+

Top non-repeatable levels by time:
     D:6: 1513 daAuts
     D:4: 1067 daAuts
     D:5: 954 daAuts
     D:3: 877 daAuts
     D:1: 861 daAuts
     D:2: 689 daAuts
     D:7: 467 daAuts
  Temple: 144 daAuts
